Map: [ESL] Data-C

Players

Elazer

  • Race: Zerg Zerg
  • Spawn Location: 9:00

SKillous - Winner!

  • Race: Protoss Protoss
  • Spawn Location: 3:00

Event: DreamHack SC2 Masters 2022 Atlanta (Online)

VOD

Have the link to the VOD?

Description

Time

  • Played on: Oct. 11, 2022, 10:50 a.m.
  • Length: 20:01

All games in this series

Show
View Real Time Build Order
Export as new Build Order

Elazer Zerg 

Build Orders: Hatch First 

Get SALT Encoding   

  12  0:00  Drone  
  13  0:12  Overlord  
  13  0:17  Drone  
  14  0:30  Drone x2  
  16  0:48  Hatchery  
  15  0:51  Drone  
  15  0:55  Drone  
  17  0:58  Drone  
  18  1:10  Extractor  
  17  1:14  Spawning Pool  
  17  1:17  Drone  
  17  1:20  Drone  
  18  1:28  Drone  
  19  1:40  Drone  
  20  1:50  Overlord  
  20  2:01  Zergling x2, Queen x2, Drone  
  26  2:10  Drone  
  26  2:12  Zergling x2  
  26  2:13  Metabolic Boost  
  28  2:21  Drone x2  
  30  2:32  Drone  
  30  2:33  Drone  
  30  2:36  Queen  
  34  2:46  Drone  
  34  2:47  Overlord  
  35  2:54  Hatchery  
  35  2:57  Drone  
  35  3:02  Drone  
  35  3:05  Queen  
  38  3:10  Drone x4  
  42  3:17  Queen  
  44  3:20  Overlord  
  44  3:24  Overlord  
  44  3:44  Queen  
  44  3:45  Drone x3  
  44  3:48  Drone x8  
  50  3:54  Spore Crawler  
  56  3:59  Drone x2  
  56  4:02  Queen  
  60  4:04  Overlord  
  60  4:12  Queen  
  60  4:17  Overlord  
  62  4:19  Drone x4  
  66  4:28  Drone x4  
  66  4:31  Drone  
  70  4:36  Overlord  
  70  4:38  Drone x3  
  73  4:40  Drone  
  73  4:41  Drone  
  75  4:49  Overlord  
  75  4:53  Overlord  
  75  4:55  Hatchery, Extractor  
  75  4:56  Lair, Extractor  
  75  4:58  Roach Warren  
  75  4:59  Drone x5  
  76  5:00  Drone  
  76  5:03  Overlord  
  76  5:09  Drone x2  
  76  5:13  Extractor  
  77  5:23  Overlord  
  77  5:25  Spore Crawler  
  77  5:26  Spore Crawler, Drone x8  
  77  5:28  Zergling x6  
  86  5:36  Overlord  
  86  5:37  Drone x2  
  83  5:46  Drone x5  
  83  5:49  Drone  
  91  5:50  Drone x3, Extractor  
  91  5:55  Overlord  
  90  5:58  Glial Reconstitution, Spire  
  90  5:59  Overlord, Extractor  
  90  6:00  Overseer  
  90  6:01  Drone x4  
  92  6:10  Drone x4  
  95  6:14  Drone x4  
  95  6:16  Drone x3  
  102  6:20  Overlord, Evolution Chamber  
  102  6:23  Overlord  
  102  6:24  Drone  
  102  6:25  Extractor  
  101  6:26  Extractor  
  101  6:28  Overlord  
  101  6:30  Zergling x2  
  101  6:40  Zergling x12  
  107  6:48  Hatchery  
  107  6:49  Zergling x16  
  107  6:53  Zergling x2  
  115  6:54  Zerg Melee Weapons Level 1  
  115  6:59  Zergling x4  
  117  7:07  Zergling x2  
  117  7:08  Zergling x12  
  123  7:16  Zerg Flyer Weapons Level 1  
  123  7:18  Mutalisk x11  
  145  7:26  Overlord  
  145  7:27  Mutalisk  
  145  7:29  Mutalisk  
  146  7:37  Zergling x2  
  146  7:38  Zergling x8  
  146  7:40  Overlord x2  
  146  7:41  Overlord  
  151  7:45  Hatchery  
  150  7:56  Mutalisk x4  
  158  7:59  Mutalisk  
  158  8:00  Mutalisk x2  
  158  8:03  Overlord  
  158  8:04  Zergling x12  
  170  8:12  Baneling Nest, Roach x7  
  181  8:20  Corruptor x2  
  185  8:28  Corruptor  
  185  8:30  Corruptor  
  185  8:33  Zergling x2  
  185  8:34  Zergling x14  
  197  8:53  Zerg Melee Weapons Level 2  
  197  9:02  Zergling x20  
  199  9:03  Centrifugal Hooks  
  199  9:11  Zerg Flyer Armor Level 1  
  199  9:18  Baneling x24  
  195  9:35  Mutalisk x3  
  183  9:52  Mutalisk x4  
  178  9:54  Zergling x52  
  185  10:06  Mutalisk x3  
  177  10:09  Drone x15  
  189  10:15  Mutalisk x2  
  189  10:20  Drone x2, Extractor  
  191  10:24  Extractor  
  190  10:32  Zergling x14  
  190  10:33  Zergling x4  
  190  10:35  Baneling x19  
  199  10:41  Hatchery  
  196  10:48  Mutalisk x3  
  196  10:54  Mutalisk  
  177  11:08  Zergling x44  
  177  11:09  Infestation Pit  
  198  11:14  Baneling x15  
  198  11:15  Baneling  
  198  11:20  Overseer  
  190  11:34  Baneling x13  
  190  11:35  Zergling x22  
  193  11:42  Roach  
  193  11:43  Roach x10  
  193  11:45  Zergling x2  
  193  11:46  Zergling x12  
  187  11:54  Zergling x14  
  187  11:56  Baneling x9  
  187  11:58  Roach  
  187  11:59  Roach  
  180  12:10  Zergling x24  
  180  12:13  Roach x3  
  168  12:21  Roach x5  
  162  12:24  Zergling x10  
  161  12:37  Zergling x20  
  171  12:52  Mutalisk x10  
  171  12:57  Mutalisk x3  
  197  12:59  Mutalisk  
  197  13:04  Hive  
  199  13:06  Zerg Flyer Weapons Level 2  
  198  13:15  Baneling  
  198  13:16  Baneling x15  
  198  13:20  Unknown  
  197  13:34  Baneling x7  
  195  13:37  Zergling x8  
  199  13:46  Baneling x19  
  188  13:59  Zergling x32  
  199  14:05  Zergling x2  
  200  14:13  Zergling x4  
  190  14:25  Zergling x18  
  199  14:31  Adrenal Glands  
  199  14:32  Zerg Melee Weapons Level 3  
  199  14:34  Evolution Chamber  
  199  14:37  Baneling x40  
  197  14:47  Zergling x2  
  197  14:48  Zergling x2  
  177  15:07  Zergling x34  
  177  15:08  Zergling x4  
  170  15:15  Roach x10  
  178  15:22  Zergling x12  
  178  15:27  Zergling x2  
  168  15:35  Zergling x12  
  174  15:37  Zerg Missile Weapons Level 1  
  174  15:38  Queen  
  174  15:42  Drone x3  
  179  15:46  Baneling x18  
  179  15:49  Zergling x10  
  182  16:02  Zergling x36  
  182  16:03  Zergling x6  
  192  16:10  Zergling x2  
  170  16:16  Roach x6  
  139  16:27  Corruptor x7  
  139  16:31  Zergling x18  
  162  16:36  Overseer  
  161  16:40  Drone x6  
  163  16:50  Zergling x2  
  163  16:51  Zergling x18  
  172  17:02  Baneling x16  
  172  17:05  Zergling x10  
  172  17:06  Overlord x2  
  177  17:16  Greater Spire  
  177  17:18  Drone x2  
  168  17:33  Corruptor x6  
  178  17:40  Zergling x24  
  186  17:54  Drone x3  
  186  17:55  Baneling x7  
  186  17:56  Baneling x13  
  188  18:06  Zergling x12  
  188  18:10  Overlord  
  194  18:15  Baneling x15  
  194  18:16  Baneling x14  
  193  18:34  Zergling x34  
  195  18:36  Baneling x10  
  195  18:37  Baneling  
  200  18:48  Baneling x18  
  193  18:57  Zergling x14  
  189  19:09  Zergling x22  
  175  19:10  Zergling x10  
  175  19:15  Zergling x8  
  172  19:22  Roach x2  
  154  19:32  Ravager x5  
  154  19:33  Ravager  
  154  19:38  Roach x4  
Show
View Real Time Build Order
Export as new Build Order

SKillous Protoss - Winner!

Build Orders: 1 Gate Expand, Oracle Opening 

Get SALT Encoding   

  12  0:00  Probe  
  13  0:15  Pylon  
  13  0:17  Probe (Chrono Boost)  
  14  0:26  Probe (Chrono Boost)  
  15  0:31  Probe (Chrono Boost)  
  16  0:40  Gateway  
  16  0:43  Probe  
  16  0:49  Assimilator  
  17  0:55  Probe  
  18  1:08  Probe  
  19  1:20  Probe  
  20  1:26  Nexus  
  20  1:36  Cybernetics Core  
  20  1:39  Probe  
  21  1:46  Assimilator  
  21  1:51  Probe  
  22  1:55  Pylon  
  22  2:03  Probe  
  23  2:10  Adept (Chrono Boost)  
  23  2:15  Probe  
  26  2:19  Stargate  
  26  2:27  Probe  
  26  2:29  Warp Gate  
  27  2:37  Stalker  
  27  2:39  Probe (Chrono Boost)  
  31  2:45  Probe (Chrono Boost)  
  31  2:49  Probe (Chrono Boost)  
  32  2:53  Probe (Chrono Boost)  
  32  2:54  Probe (Chrono Boost)  
  34  3:02  Oracle (Chrono Boost)  
  34  3:03  Probe  
  38  3:05  Probe  
  39  3:16  Probe  
  39  3:18  Probe  
  41  3:28  Probe  
  41  3:30  Probe  
  41  3:32  Oracle (Chrono Boost)  
  41  3:33  Pylon  
  46  3:42  Nexus  
  46  3:47  Pylon  
  46  3:51  Probe x2  
  48  3:59  Oracle (Chrono Boost), Gateway  
  51  4:03  Probe x2  
  51  4:05  Shield Battery  
  53  4:13  Pylon  
  53  4:15  Probe x2  
  55  4:17  Assimilator  
  55  4:20  Assimilator  
  55  4:24  Adept  
  55  4:27  Probe  
  58  4:31  Oracle (Chrono Boost)  
  58  4:32  Probe  
  62  4:40  Probe (Chrono Boost)  
  62  4:44  Probe (Chrono Boost)  
  65  4:53  Twilight Council  
  65  4:54  Forge  
  65  4:56  Probe (Chrono Boost)  
  65  4:57  Probe x2 (Chrono Boost)  
  65  4:59  Gateway  
  67  5:00  Gateway  
  67  5:04  Probe (Chrono Boost)  
  67  5:05  Probe (Chrono Boost)  
  67  5:06  Probe (Chrono Boost)  
  70  5:11  Probe  
  70  5:12  Probe  
  70  5:13  Robotics Facility  
  72  5:16  Probe (Chrono Boost)  
  72  5:17  Protoss Ground Weapons Level 1 (Chrono Boost)  
  70  5:24  Probe (Chrono Boost)  
  70  5:27  Probe (Chrono Boost)  
  73  5:29  Assimilator  
  73  5:31  Assimilator  
  73  5:32  Blink (Chrono Boost)  
  73  5:33  Pylon  
  73  5:34  Probe (Chrono Boost)  
  75  5:35  Probe (Chrono Boost)  
  75  5:38  Probe (Chrono Boost)  
  75  5:41  Probe (Chrono Boost)  
  73  5:47  Probe x2  
  73  5:49  Stalker  
  73  5:50  Stalker  
  73  5:52  Probe  
  73  5:54  Stalker  
  73  5:55  Stalker  
  80  5:59  Probe x2  
  80  6:00  Pylon  
  80  6:02  Observer, Pylon  
  83  6:04  Probe  
  83  6:05  Robotics Bay  
  83  6:11  Probe  
  85  6:14  Gateway  
  85  6:16  Gateway  
  85  6:17  Stalker x2  
  89  6:21  Stalker  
  91  6:28  Probe  
  91  6:31  Gateway  
  91  6:32  Gateway  
  92  6:36  Stalker  
  92  6:39  Pylon  
  94  6:43  Nexus  
  94  6:46  Pylon  
  94  6:48  Phoenix (Chrono Boost)  
  96  6:56  Stargate  
  96  6:58  Probe, Photon Cannon  
  96  7:01  Shield Battery, Probe x2  
  99  7:07  Photon Cannon  
  99  7:13  Phoenix (Chrono Boost), Probe  
  103  7:15  Probe  
  103  7:16  Probe  
  103  7:19  Photon Cannon  
  103  7:22  Stalker x3  
  110  7:23  Protoss Ground Weapons Level 2  
  110  7:25  Probe  
  110  7:27  Probe  
  110  7:28  Phoenix (Chrono Boost)  
  114  7:33  Shield Battery  
  115  7:38  Probe  
  115  7:40  Photon Cannon  
  115  7:41  Gateway  
  117  7:46  Phoenix x2 (Chrono Boost)  
  117  7:49  Shield Battery  
  119  7:53  Photon Cannon  
  119  7:59  Charge (Chrono Boost), Templar Archives  
  119  8:00  Assimilator  
  119  8:02  Assimilator  
  119  8:06  Phoenix  
  119  8:07  Phoenix  
  119  8:12  Probe x3  
  126  8:18  Colossus (Chrono Boost), Pylon  
  126  8:19  Pylon  
  127  8:27  Pylon  
  132  8:31  Photon Cannon  
  132  8:32  Probe  
  132  8:34  Photon Cannon  
  133  8:35  Shield Battery  
  133  8:36  High Templar x2  
  133  8:37  High Templar x2  
  133  8:41  Shield Battery, Archon  
  141  8:42  Archon  
  141  8:49  Phoenix x2 (Chrono Boost), Gateway  
  141  8:51  Gateway  
  141  8:55  Stalker x3  
  149  9:02  Stalker x2  
  153  9:05  Colossus (Chrono Boost)  
  153  9:06  Gateway  
  159  9:15  Photon Cannon  
  159  9:17  Shield Battery  
  159  9:18  Photon Cannon  
  159  9:20  Sentry, Protoss Air Weapons Level 1 (Chrono Boost)  
  159  9:21  Sentry  
  163  9:24  Photon Cannon  
  160  9:38  Stalker x2  
  156  9:45  Stalker  
  156  9:46  Stalker x3  
  156  9:47  Probe  
  156  9:50  Pylon x2  
  138  9:54  Zealot x5  
  138  9:55  Zealot  
  140  10:05  Phoenix x2  
  142  10:08  Probe (Chrono Boost)  
  142  10:10  Probe x2 (Chrono Boost)  
  142  10:12  Pylon  
  142  10:19  High Templar  
  147  10:21  Pylon  
  147  10:22  Protoss Shields Level 1 (Chrono Boost), Probe x2 (Chrono Boost)  
  147  10:23  Pylon  
  147  10:24  Probe (Chrono Boost)  
  147  10:26  Shield Battery, Photon Cannon  
  147  10:27  Shield Battery  
  147  10:31  Probe  
  147  10:34  High Templar x2  
  147  10:35  High Templar x2  
  154  10:39  Archon x2  
  156  10:43  Phoenix  
  156  10:45  Phoenix  
  154  10:56  Stalker x5  
  154  10:57  Stalker  
  150  11:07  High Templar  
  150  11:08  Phoenix  
  150  11:09  Gateway, Photon Cannon  
  150  11:10  Photon Cannon, Pylon  
  154  11:12  Shield Battery, Archon, Photon Cannon  
  154  11:23  High Templar x2  
  158  11:26  Stalker x4  
  158  11:27  Archon  
  166  11:33  Stalker x2  
  166  11:37  Warp Prism  
  170  11:46  Stalker  
  150  11:54  High Templar x2  
  150  11:55  Zealot x4  
  150  11:58  Archon  
  162  12:01  Zealot x2  
  154  12:12  Phoenix x2  
  97  12:22  Stalker x5  
  97  12:23  Stalker x2  
  109  12:35  Immortal (Chrono Boost)  
  105  12:42  High Templar x3  
  115  12:45  High Templar  
  115  12:46  Zealot x5  
  127  12:55  Archon x2  
  127  12:56  Protoss Ground Weapons Level 3 (Chrono Boost)  
  127  12:58  Phoenix x2 (Chrono Boost)  
  127  13:02  Pylon  
  131  13:09  Pylon  
  132  13:13  Observer (Chrono Boost), Sentry x2  
  132  13:17  Phoenix (Chrono Boost)  
  138  13:21  Zealot  
  138  13:23  Phoenix (Chrono Boost)  
  142  13:27  Nexus  
  138  13:35  Shield Battery  
  138  13:37  Shield Battery  
  138  13:39  Phoenix (Chrono Boost), Pylon  
  140  13:44  Phoenix (Chrono Boost)  
  140  13:53  Zealot x8  
  148  14:05  Phoenix x2  
  152  14:10  Nexus  
  152  14:12  Shield Battery, Zealot x3  
  152  14:14  Shield Battery  
  136  14:26  High Templar x4  
  136  14:27  High Templar x2  
  136  14:30  Archon  
  136  14:31  Archon  
  146  14:32  Archon  
  146  14:38  Fleet Beacon  
  146  14:42  Zealot  
  146  14:43  Shield Battery, Zealot x4  
  156  14:47  Pylon  
  156  14:49  Warp Prism (Chrono Boost)  
  158  14:53  Probe  
  158  14:54  Assimilator  
  158  14:59  Assimilator  
  159  15:04  Stalker x5  
  140  15:12  Stalker x3  
  124  15:23  Anion Pulse-Crystals (Chrono Boost)  
  124  15:27  Stalker x3  
  126  15:29  Probe x5  
  131  15:41  Probe x3  
  134  15:43  Protoss Shields Level 2 (Chrono Boost)  
  134  15:44  Assimilator, Pylon  
  134  15:48  Protoss Air Weapons Level 2 (Chrono Boost)  
  135  15:52  Zealot x2  
  136  16:03  Stalker x4  
  129  16:16  Stalker x4  
  115  16:21  Zealot x2  
  115  16:24  Probe x4  
  120  16:26  Probe  
  120  16:31  High Templar x4  
  127  16:34  Shield Battery  
  127  16:35  Archon  
  127  16:36  Archon  
  127  16:45  Shield Battery  
  127  16:48  Shield Battery  
  127  16:51  Shield Battery  
  127  16:53  High Templar x3  
  127  16:54  Void Ray (Chrono Boost), High Templar  
  139  16:58  Archon x2  
  143  17:07  Shield Battery, Void Ray  
  143  17:08  Zealot x2  
  147  17:09  Pylon  
  147  17:14  Zealot  
  149  17:19  Zealot x3  
  159  17:33  Void Ray (Chrono Boost)  
  151  17:39  High Templar x4  
  159  17:47  Shield Battery  
  159  17:48  Archon  
  159  17:49  Shield Battery, Archon  
  159  17:51  Shield Battery  
  159  17:52  Pylon  
  159  17:57  Void Ray (Chrono Boost), High Templar  
  159  17:58  High Templar  
  167  18:00  Flux Vanes  
  165  18:13  Void Ray (Chrono Boost)  
  165  18:19  Pylon  
  165  18:24  High Templar x2  
  165  18:25  Archon  
  161  18:35  Nexus, Archon  
  165  18:42  Void Ray  
  169  18:53  Void Ray  
  169  18:55  Zealot x8  
  141  19:27  High Templar x2  
  141  19:28  Zealot x2  
  145  19:32  Archon  
  145  19:33  Nexus  
  141  19:43  Zealot x2  
Tags
 
Add a new tag
Caveats
  • Supply blocks, unpowered buildings, or Contaminate may cause inaccurate times.
  • Supply counts are checked every 10 seconds.